 Dungeon Crawl Stone Soup version 0.17-a0-1667-g4ca74a1 (webtiles) character file.

282 Promi the Caller (level 6, -1/55 HPs)
             Began as a Hill Orc Summoner on Aug 17, 2015.
             Succumbed to poison (a potion of poison)
             ... on level 5 of the Dungeon.
             The game lasted 00:16:53 (4088 turns).

Promi the Caller (Hill Orc Summoner)                Turns: 4088, Time: 00:16:53

Health: -1/55      AC:  5    Str: 18    XL:     6   Next: 28%
Magic:  4/9        EV: 12    Int: 15    God:
Gold:   197        SH:  0    Dex: 11    Spells: 2 memorised, 7 levels left

rFire  . . .     SeeInvis .     g - +0 spear
rCold  . . .     Clarity  .     a - +0 robe
rNeg   . . .     SustAt   .     (no shield)
rPois  .         Gourm    .     (no helmet)
rElec  .         Spirit   .     (no cloak)
rCorr  .         Warding  .     (no gloves)
rMut   .         Stasis   .     (no boots)
MR     .....                    (no amulet)
Stlth  ++........               (no ring)
                                w - +3 ring of protection

@: mighty, lethally poisoned (-1 -> -37), flying, not resistant to hostile
enchantments, unstealthy
A: robust 1
a: no special abilities


You were on level 5 of the Dungeon.
You were hungry.

You visited 1 branch of the dungeon, and saw 5 of its levels.

You collected 197 gold pieces.

Inventory:

Hand weapons
 d - a +0 club
 g - a +0 spear (weapon)
 l - a +0 scythe
 x - a +0 glaive of venom
Armour
 a - a +0 robe (worn)
 r - a +0 leather armour
Jewellery
 w - a +3 ring of protection (left hand)
Magical devices
 t - a wand of flame (27)
Scrolls
 f - a scroll of remove curse
 h - a scroll of teleportation
 i - 2 scrolls of identify
Potions
 j - a potion of might
Books
 b - a book of Callings

   Spells                             Type                      Level
   a - Summon Small Mammal            Summoning                    1
   b - Call Imp                       Summoning                    2
   c - Call Canine Familiar           Summoning                    3
   d - Summon Guardian Golem          Hexes/Summoning              3
   e - Summon Lightning Spire         Summoning/Air                4
   f - Summon Ice Beast               Ice/Summoning                4
 p - a book of Ice

   Spells                             Type                      Level
   a - Ice Form                       Ice/Transmutation            4
   b - Metabolic Englaciation         Hexes/Ice                    5
   c - Ozocubu's Refrigeration        Ice                          6
   d - Bolt of Cold                   Conjuration/Ice              6
   e - Freezing Cloud                 Conjuration/Ice/Air          6
   f - Simulacrum                     Ice/Necromancy               6
Comestibles
 c - 2 bread rations
 m - a royal jelly
 s - 2 meat rations
 u - a chunk of flesh


   Skills:
 + Level 2.9 Fighting
 + Level 2.9 Polearms
 + Level 2.7 Dodging
 - Level 1.5 Stealth
 + Level 2.6 Spellcasting
 + Level 4.6 Summonings


You had 7 spell levels left.
You knew the following spells:

 Your Spells              Type           Power        Failure   Level  Hunger
a - Summon Small Mammal   Summ           ###.         3%          1    #......
b - Call Imp              Summ           ###.....     6%          2    ###....


Dungeon Overview and Level Annotations

Branches:
Dungeon (5/15)
 Temple: D:4-7

Altars:

Annotations:
D:4 Nattefrost's ghost, average DsBe


Innate Abilities, Weirdness & Mutations

You are robust (+10% HP).


Message History

Drink which item? (? for menu, Esc to quit)
You feel very mighty all of a sudden.
* * * LOW HITPOINT WARNING * * *
You feel sick. The worker ant bites you.
* * * LOW HITPOINT WARNING * * *
You are more poisoned.
The worker ant poisons you!
Your crimson imp blinks!
Drink which item? (? for menu, Esc to quit)
It was a potion of poison.
That liquid tasted very nasty...
You are more poisoned.
* * * LOW HITPOINT WARNING * * *
You feel very sick. The worker ant bites you.
* * * LOW HITPOINT WARNING * * *
Drink which item? (? for menu, Esc to quit)
It was a potion of flight.
You feel very buoyant.
You fly up into the air.
You die...

### ..# #.# #.# #.#
#@########..
#.aho.......
####.##5###
####.#...# ..
###....#.%# ....
###..#..5...##....#
/...#....<ยง.....#
.##....o.....###
....[...(.....#


You could see a hound, a worker ant, an orc and a friendly crimson imp.

Vanquished Creatures
  An orc wizard (D:3)
  Natasha (twice) (D:3)
  3 adders
  An adder zombie (D:5)
  A worm (D:3)
  A giant gecko (D:4)
  An orc (D:3)
  2 ball pythons
  6 giant cockroaches
  5 goblins
  3 hobgoblins
  4 jackals
  2 kobolds (D:2)
  11 bats
  4 giant newts
  7 rats
54 creatures vanquished.

Vanquished Creatures (collateral kills)
  Eustachio (D:4)
  A hound (D:5)
  An orc priest (D:3)
  Natasha (D:3)
  4 adders
  A giant gecko (D:1)
  An orc (D:3)
  2 jackals (D:2)
  A bat (D:1)
  A goblin (D:3)
14 creatures vanquished.

Grand Total: 68 creatures vanquished

Notes
Turn   | Place    | Note
--------------------------------------------------------------
     0 | D:1      | Promi the Hill Orc Summoner began the quest for the Orb.
     0 | D:1      | Reached XP level 1. HP: 14/14 MP: 3/3
   245 | D:1      | Reached XP level 2. HP: 10/22 MP: 0/4
   416 | D:1      | Learned a level 2 spell: Call Imp
  1164 | D:2      | Reached XP level 3. HP: 18/27 MP: 5/5
  1439 | D:2      | Reached skill level 1 in Fighting
  1815 | D:2      | Reached skill level 1 in Polearms
  2231 | D:3      | Reached XP level 4. HP: 35/35 MP: 1/7
  2310 | D:3      | Noticed Natasha
  2322 | D:3      | Killed Natasha
  2332 | D:3      | Reached XP level 5. HP: 18/41 MP: 5/8
  2606 | D:3      | Noticed Natasha
  2612 | D:3      | Killed Natasha
  2923 | D:3      | Noticed Natasha
  2931 | D:3      | Killed Natasha
  3572 | D:4      | Noticed Eustachio
  3591 | D:4      | Killed Eustachio
  3591 | D:4      | Reached XP level 6. HP: 19/50 MP: 2/9
  3922 | D:4      | Noticed Nattefrost's ghost (average DsBe)
  3964 | D:5      | Entered Level 5 of the Dungeon
  3973 | D:5      | Gained mutation: You are robust (+10% HP). [potion of beneficial mutation]
  4087 | D:5      | HP: 2/55 [worker ant (1)]
  4088 | D:5      | Succumbed to poison (a potion of poison)

Vault maps used:
D:1:      dpeg_arrival_shrine, hangedman_abyss_or_decor_lesser_grid
D:3:      uniq_natasha, uniq_crazy_yiuf_cottage
D:4:      nrook_mini_vaults, uniq_eustachio
D:5:      first_bread, serial_shops, nicolae_shop_statue_plus,
          okawaru_altar_gauntlet_db

Action                   |  1- 3 |  4- 6 || total
-------------------------+-------+-------++-------
Melee: Spear             |   140 |   138 ||   278
       Unarmed           |     6 |       ||     6
       Club              |     4 |       ||     4
 Cast: Summon Small Mamm |     5 |     2 ||     7
       Call Imp          |     9 |    24 ||    33
Evoke: Wand              |       |     1 ||     1
  Use: Scroll            |       |     6 ||     6
       Potion            |       |     5 ||     5
 Stab: Sleeping          |     6 |     2 ||     8
       Distracted        |       |     2 ||     2
  Eat: Chunk             |     5 |     7 ||    12
